Map: Torri del crepuscolo

Players

Jhyrachy - Winner!

  • Race: Zerg Zerg
  • League: Gold

Vozozo

  • Race: Terran Terran
  • League: Gold

VOD

Have the link to the VOD?

Description

Time

  • Played on: April 11, 2016, 8:53 a.m.
  • Length: 36:31
Show
View Real Time Build Order
Export as new Build Order

Jhyrachy Zerg - Winner!

Build Orders: Hatch First 

Get SALT Encoding   

  12  0:01  Drone  
  13  0:09  Drone  
  14  0:17  Overlord  
  14  0:36  Drone x3  
  17  0:57  Drone  
  18  1:00  Hatchery, Extractor  
  18  1:01  Drone  
  17  1:09  Drone  
  18  1:22  Drone  
  19  1:29  Spawning Pool  
  19  1:30  Overlord  
  18  1:42  Drone  
  19  2:00  Drone  
  20  2:05  Drone  
  21  2:13  Overlord  
  21  2:17  Queen x2  
  21  2:21  Drone  
  26  2:33  Drone  
  26  2:36  Zergling x4  
  29  2:37  Drone  
  31  2:51  Drone x2  
  32  2:59  Lair  
  32  3:03  Extractor  
  31  3:08  Extractor  
  31  3:09  Drone x4  
  31  3:10  Extractor  
  33  3:19  Drone x2  
  35  3:48  Drone  
  35  3:49  Drone x5  
  35  3:54  Overlord  
  41  4:00  Spire  
  40  4:05  Drone x3  
  40  4:06  Overlord  
  43  4:14  Drone x2  
  43  4:15  Overlord  
  43  4:16  Overlord  
  45  4:37  Overlord  
  45  5:11  Mutalisk  
  45  5:12  Mutalisk x10  
  67  5:28  Roach Warren  
  66  5:32  Hatchery  
  66  5:34  Evolution Chamber  
  64  5:37  Queen x2  
  68  5:47  Evolution Chamber  
  61  6:53  Zerg Ground Armor Level 1, Zerg Missile Weapons Level 1  
  61  6:54  Glial Reconstitution  
  61  6:56  Burrow  
  61  7:16  Roach  
  61  7:17  Roach x13  
  61  7:19  Overlord x4  
  61  7:20  Overlord  
  89  7:39  Queen  
  89  7:40  Overlord  
  89  7:41  Overlord  
  91  7:44  Drone  
  91  7:45  Drone x9  
  101  8:14  Drone x3  
  101  8:15  Drone x3  
  107  8:23  Drone  
  108  8:28  Tunneling Claws  
  108  8:42  Extractor  
  107  8:49  Roach x2  
  107  8:50  Roach x12  
  135  9:05  Roach x5  
  145  9:13  Zerg Missile Weapons Level 2, Zerg Ground Armor Level 2  
  145  9:15  Infestation Pit  
  144  9:36  Overlord x3  
  143  10:24  Roach x2  
  143  10:25  Roach x11  
  143  10:26  Overlord x2  
  143  10:27  Overlord x2  
  169  10:32  Roach x29  
  169  10:51  Hatchery  
  168  11:05  Roach x46  
  168  11:06  Queen  
  168  11:10  Roach x43  
  156  12:08  Hive  
  156  12:19  Pathogen Glands  
  156  12:21  Infestor  
  156  12:22  Infestor x4  
  162  12:23  Infestor  
  168  12:31  Roach x38  
  168  13:12  Ravager x2  
  169  13:13  Ravager x21  
  169  13:14  Ravager  
  192  13:41  Extractor  
  189  14:18  Extractor  
  189  14:23  Hatchery, Extractor  
  102  15:27  Zerg Ground Armor Level 3, Zerg Missile Weapons Level 3  
  102  15:45  Ultralisk Cavern  
  101  15:57  Roach x8  
  101  16:34  Infestor x6  
  89  16:43  Chitinous Plating  
  89  16:45  Ultralisk  
  89  16:46  Ultralisk x4  
  119  16:59  Metabolic Boost  
  119  17:05  Zergling x2  
  119  17:06  Zergling x40  
  119  17:07  Zergling x52  
  119  17:08  Zergling x14  
  125  17:49  Corruptor  
  125  17:50  Corruptor x4  
  135  18:05  Zerg Melee Weapons Level 1  
  135  18:18  Adrenal Glands  
  135  18:20  Roach x8  
  108  18:55  Corruptor x6  
  110  18:58  Hatchery  
  119  19:33  Hatchery  
  118  19:56  Corruptor  
  118  19:57  Corruptor x6  
  132  20:08  Zerg Flyer Armor Level 1  
  132  20:30  Overlord  
  132  20:31  Overlord x3  
  132  20:33  Overlord  
  132  20:36  Zerg Melee Weapons Level 2  
  132  20:48  Extractor  
  132  20:49  Drone x2  
  133  20:50  Extractor, Drone  
  131  21:05  Ultralisk  
  137  21:13  Zergling x2  
  137  21:14  Zergling x50  
  137  21:15  Zergling x16  
  171  21:27  Extractor  
  171  21:30  Extractor  
  171  21:32  Queen  
  171  22:08  Zerg Flyer Armor Level 2  
  171  22:32  Hatchery  
  171  22:37  Queen  
  170  23:04  Zerg Melee Weapons Level 3  
  170  23:07  Neural Parasite  
  170  23:51  Ultralisk  
  170  23:52  Ultralisk x4  
  199  24:48  Overlord x2  
  199  24:59  Zerg Flyer Armor Level 3  
  165  25:08  Infestor  
  145  25:35  Corruptor  
  139  25:36  Corruptor x26  
  183  30:35  Overseer  
  183  31:11  Pneumatized Carapace  
  183  31:28  Extractor  
  183  31:30  Extractor  
  183  31:36  Roach  
  183  31:39  Infestor x6  
  183  32:59  Greater Spire  
  183  34:38  Brood Lord x13  
  183  34:39  Brood Lord x17  
  183  35:27  Hatchery  
  183  35:38  Hatchery  
  183  36:05  Hatchery  
  183  36:23  Hatchery  
Show
View Real Time Build Order
Export as new Build Order

Vozozo Terran 

Build Orders:  

Get SALT Encoding   

  12  0:02  SCV  
  13  0:19  Supply Depot, SCV  
  14  0:31  SCV  
  15  0:43  Barracks  
  16  0:50  SCV  
  16  0:51  Supply Depot  
  16  1:02  SCV  
  17  1:14  Refinery, SCV  
  18  1:29  Orbital Command  
  18  1:42  Marine  
  19  1:48  Command Center  
  19  1:55  SCV  
  19  2:00  Marine  
  21  2:07  SCV  
  22  2:16  Factory  
  22  2:18  Marine  
  22  2:19  SCV  
  22  2:20  Refinery  
  24  2:32  SCV  
  24  2:36  Marine  
  26  2:44  SCV  
  27  2:54  Supply Depot  
  27  2:55  Supply Depot  
  27  2:56  SCV  
  27  2:58  Marine, Engineering Bay  
  28  3:04  Orbital Command  
  29  3:08  SCV  
  29  3:11  Factory Tech Lab  
  30  3:16  Marine  
  31  3:20  SCV  
  31  3:21  Refinery  
  32  3:32  SCV  
  33  3:44  SCV  
  33  3:46  SCV  
  35  3:51  Siege Tank  
  39  3:56  SCV  
  39  3:58  SCV  
  41  4:05  Barracks Reactor  
  41  4:08  SCV  
  41  4:10  SCV  
  41  4:13  Barracks  
  42  4:17  Terran Infantry Weapons Level 1  
  42  4:20  SCV  
  42  4:23  Siege Tank  
  46  4:27  Starport  
  46  4:34  SCV x2  
  48  4:40  Missile Turret  
  48  4:41  Missile Turret  
  48  4:43  Marine x2  
  50  4:46  SCV x2  
  52  4:55  Siege Tank  
  52  4:58  SCV  
  52  4:59  SCV  
  57  5:00  Marine x2  
  57  5:02  Barracks Tech Lab  
  59  5:08  Barracks, Medivac  
  61  5:20  Marine  
  62  5:27  Missile Turret  
  62  5:30  Missile Turret  
  62  5:36  Supply Depot  
  62  5:38  Supply Depot  
  62  5:40  Supply Depot  
  62  5:44  Combat Shields  
  62  5:54  Missile Turret  
  62  5:57  Cyclone, Marine  
  62  5:58  Missile Turret  
  66  6:16  Missile Turret, Viking  
  68  6:20  Missile Turret  
  64  6:35  Siege Tank  
  64  6:39  Barracks Reactor  
  66  6:50  Starport Reactor  
  64  6:57  Missile Turret  
  64  7:00  Supply Depot  
  64  7:06  Stimpack  
  64  7:07  Siege Tank  
  67  7:14  Refinery, SCV x2  
  69  7:23  Command Center  
  69  7:26  SCV  
  69  7:27  Viking, SCV, Medivac  
  75  7:31  Marine  
  75  7:32  Marauder, Marine x3  
  81  7:44  Terran Infantry Armor Level 1  
  81  7:49  Marine x2  
  81  7:50  Armory  
  83  7:53  Marauder  
  83  7:57  Viking, Medivac  
  89  8:15  Marauder, Marine x3  
  94  8:26  Supply Depot x2  
  94  8:27  Supply Depot  
  94  8:34  Viking, Marine x4, Medivac  
  94  8:36  Marauder  
  94  8:40  Orbital Command  
  104  8:50  Supply Depot  
  104  8:52  Marine x4, Supply Depot x2  
  108  8:56  Missile Turret  
  108  8:58  Marauder  
  110  9:06  Terran Vehicle And Ship Armor Level 1  
  110  9:16  Missile Turret  
  110  9:19  Marauder  
  110  9:24  SCV x2  
  114  9:28  Refinery  
  114  9:30  Orbital Command  
  114  9:33  Refinery  
  114  9:34  Starport  
  114  9:36  SCV x2  
  114  9:37  Missile Turret  
  116  9:40  Marauder  
  118  9:48  SCV x2  
  120  10:00  Missile Turret, SCV x2  
  122  10:07  SCV  
  122  10:12  SCV x2  
  122  10:14  Marauder, Marine x4  
  125  10:16  Starport Tech Lab  
  125  10:19  SCV  
  132  10:31  SCV  
  132  10:32  Marine x2  
  135  10:36  Marauder  
  137  10:44  SCV  
  138  10:57  Marauder  
  140  11:19  Marauder  
  138  11:27  Liberator  
  138  11:30  Liberator x2  
  101  11:33  Marine x2  
  101  11:34  Marine x2  
  101  11:35  Siege Tank  
  102  11:40  Marauder  
  107  11:51  Marine x3, Terran Infantry Weapons Level 2  
  116  12:01  Marauder  
  116  12:07  Siege Tank  
  123  12:23  Marauder  
  123  12:28  Concussive Shells  
  129  12:39  Siege Tank  
  129  12:40  Liberator x2  
  134  12:44  Marauder  
  134  12:55  Raven  
  136  13:04  Terran Vehicle Weapons Level 1  
  136  13:11  Siege Tank  
  136  13:12  Marine x3  
  142  13:13  Marauder, Marine  
  145  13:23  Liberator x2  
  145  13:24  Supply Depot  
  145  13:27  Supply Depot  
  145  13:30  Marine x4  
  151  13:34  Marauder  
  151  13:35  Supply Depot  
  151  13:39  Supply Depot x2  
  151  13:40  Supply Depot  
  151  13:41  Supply Depot  
  157  13:43  Siege Tank  
  157  13:48  Marine x4  
  166  13:55  Marauder  
  166  14:06  Terran Infantry Armor Level 2, Marine x4  
  170  14:15  Siege Tank  
  175  14:17  Marauder  
  112  14:38  Marauder  
  112  14:41  Marine  
  112  14:42  Marine x3  
  112  14:44  SCV  
  109  14:59  Marine x2  
  109  15:00  Marauder, Marine  
  94  15:18  Marine  
  94  15:19  Marine x3  
  100  15:21  Marauder  
  100  15:28  Terran Vehicle Weapons Level 2  
  100  15:32  Hellbat  
  102  15:36  Marine x2  
  102  15:37  Marine x2  
  108  15:42  Marauder  
  108  15:44  Factory x2  
  108  15:53  Hellbat  
  108  15:54  Marine x3  
  108  15:55  Marine  
  114  16:04  Marauder  
  116  16:12  Marine x3  
  116  16:13  Marine  
  116  16:15  Hellbat  
  122  16:22  Terran Infantry Weapons Level 3  
  122  16:24  Medivac x2  
  122  16:25  Marauder  
  128  16:30  Marine x4  
  132  16:36  Hellbat  
  132  16:47  Marauder, Marine  
  134  16:48  Marine x3  
  143  16:54  Medivac x2  
  138  16:55  Command Center  
  138  16:56  Refinery  
  138  16:57  Hellbat  
  138  16:58  Refinery  
  144  17:05  Marine x2  
  144  17:06  Marine x2  
  144  17:08  Marauder  
  150  17:29  Marauder  
  144  17:35  Marine x3  
  144  17:36  Marine  
  109  17:51  Marauder  
  109  17:53  Marine x3  
  109  17:54  Marine  
  113  18:11  Marine x3  
  113  18:12  Marauder, Marine  
  119  18:15  Medivac x2  
  119  18:18  Factory Reactor  
  119  18:19  Factory Reactor  
  118  18:29  Marine x4  
  118  18:33  Marine  
  114  18:51  Marine  
  114  18:54  Starport  
  110  18:55  Starport  
  110  18:58  Starport  
  110  18:59  Fusion Core  
  108  19:13  Terran Ship Weapons Level 1  
  108  19:15  Terran Infantry Armor Level 3  
  108  19:20  Hellbat x2  
  108  19:21  Hellbat x2  
  116  19:41  Hellbat  
  116  19:42  Hellbat x2  
  116  19:43  Hellbat  
  124  20:32  Starport Tech Lab x3  
  124  20:35  Behemoth Reactor  
  124  21:00  Orbital Command  
  124  21:10  Battlecruiser x2  
  136  22:10  Terran Vehicle And Ship Armor Level 2  
  136  22:17  Missile Turret x2  
  136  22:18  Missile Turret  
  136  22:19  Missile Turret  
  136  22:20  Missile Turret x2  
  136  22:31  Battlecruiser  
  136  22:32  Battlecruiser  
  136  22:34  Battlecruiser  
  154  22:38  Missile Turret  
  154  22:56  Factory Tech Lab  
  154  22:58  Marauder, Factory Tech Lab  
  158  23:20  Marauder  
  159  23:41  Marauder  
  159  23:45  Thor  
  159  23:46  Thor  
  171  24:01  Command Center  
  171  24:25  Terran Ship Weapons Level 2  
  82  25:36  Marine x3  
  82  25:37  Marauder, Marine  
  76  25:54  Marine x4  
  71  25:58  Marauder  
  71  26:12  Marine x4  
  71  26:19  Marauder  
  71  26:30  Marine x2  
  71  26:41  Marauder  
Tags
 
Add a new tag
Caveats
  • Supply blocks, unpowered buildings, or Contaminate may cause inaccurate times.
  • Supply counts are checked every 10 seconds.